[ AOE2 MATCH · #487251673 ]
UnrankedByzantines vs Armenians
[ REPLAY ANALYSIS · EXTRACTED FROM THE RECORDED GAME ]
Feudal
14:17
Castle
22:20
Imperial
—
| APM avg | 22.6 |
| APM peak | 86 |
| eAPM avg | 9.3 |
| Villagers / military | 52 / 14 |
Focus
⚔️ 19.8% · 🌾 80.2%
Camel Scout ×6 · Scout Cavalry ×6 · Spearman ×2
Feudal
13:47
Castle
22:27
Imperial
—
| APM avg | 39.6 |
| APM peak | 86 |
| eAPM avg | 21.2 |
| Villagers / military | 35 / 18 |
Focus
⚔️ 20.9% · 🌾 79.1%
Skirmisher ×10 · Scout Cavalry ×4 · Knight ×2 · Archer ×1 · Mangonel ×1
Feudal
12:42
Castle
22:33
Imperial
—
| APM avg | 32.9 |
| APM peak | 67 |
| eAPM avg | 17.1 |
| Villagers / military | 63 / 54 |
Focus
⚔️ 46.2% · 🌾 53.8%
Archer ×46 · Spearman ×4 · Battering Ram ×4
Feudal
14:46
Castle
19:06
Imperial
—
| APM avg | 25.6 |
| APM peak | 50 |
| eAPM avg | 13.0 |
| Villagers / military | 65 / 10 |
Focus
⚔️ 20.3% · 🌾 79.7%
Knight ×7 · Battering Ram ×3
Feudal
12:05
Castle
17:31
Imperial
—
| APM avg | 20.5 |
| APM peak | 41 |
| eAPM avg | 9.1 |
| Villagers / military | 35 / 13 |
Focus
⚔️ 12.2% · 🌾 87.8%
Mameluke ×9 · Battering Ram ×3 · Mangonel ×1
Feudal
12:55
Castle
17:55
Imperial
—
| APM avg | 49.0 |
| APM peak | 87 |
| eAPM avg | 32.7 |
| Villagers / military | 61 / 21 |
Focus
⚔️ 41.1% · 🌾 58.9%
Spearman ×10 · Battering Ram ×4 · Kona ×3 · Petard ×2 · Skirmisher ×2
Match map
Initial resources + every placement click. Lines = walls · curves = elevation contours. ◆ gold · ⬟ stone · ● berries · ✦ relic · ◌ wall gap
Your base· Open — unwalled flank
Weak Foe Ahead's base· Open — unwalled flank
Mr. C's base· Open — unwalled flank
我有低保我先上's base· Open — 8t gap
Mr. Fay's base· Open — unwalled flank
HoraceTBear's base· Open — unwalled flank
Smoothed initial terrain · ◌ = detected wall gap · hover for details
Inputs per minute
— Mr. Keibron - - Weak Foe Ahead
Build order — Mr. Keibron
121 actions detected in the replay
| 0:37 | Build | Town Center |
| 1:48 | Build | House |
| 1:50 | Build | House |
| 2:40 | Queue | Villager (Male) ×4 |
| 3:23 | Research | Loom |
| 3:37 | Build | Lumber Camp |
| 3:48 | Queue | Villager (Male) |
| 4:20 | Queue | Villager (Male) |
| 4:54 | Queue | Villager (Male) |
| 5:19 | Queue | Villager (Male) |
| 5:19 | Queue | Villager (Male) |
| 5:45 | Queue | Villager (Male) |
| 6:39 | Queue | Villager (Male) |
| 6:47 | Queue | Villager (Male) |
| 7:06 | Build | House |
| 7:07 | Build | House |
| 7:34 | Build | Mill |
| 7:40 | Queue | Villager (Male) |
| 8:05 | Queue | Villager (Male) |
| 8:05 | Queue | Villager (Male) |
| 8:05 | Queue | Villager (Male) |
| 8:25 | Queue | Villager (Male) |
| 8:26 | Queue | Villager (Male) |
| 8:26 | Queue | Villager (Male) |
| 8:58 | Queue | Villager (Male) |
| 9:20 | Build | Mill |
| 9:41 | Build | House |
| 9:43 | Build | House |
| 9:47 | Queue | Villager (Male) |
| 10:55 | Queue | Villager (Male) |
| 11:26 | Build | Barracks |
| 11:42 | Queue | Villager (Male) |
| 11:58 | Research | Feudal Age |
| 12:21 | Build | Mill |
| 12:29 | Build | House |
| 12:31 | Build | Palisade Wall |
| 12:42 | Build | Palisade Wall |
| 12:46 | Build | Palisade Wall |
| 14:08 | Build | Mining Camp |
| 14:17 | Age | Feudal Age |
| 14:21 | Queue | Villager (Male) |
| 14:21 | Queue | Villager (Male) |
| 14:21 | Queue | Villager (Male) |
| 14:21 | Queue | Villager (Male) |
| 14:22 | Queue | Villager (Male) |
| 14:37 | Research | Double-Bit Axe |
| 15:15 | Build | House |
| 15:16 | Build | Palisade Wall |
| 15:27 | Queue | Spearman |
| 15:27 | Queue | Spearman |
| 15:50 | Build | Palisade Gate |
| 17:04 | Build | Market |
| 17:15 | Queue | Villager (Male) |
| 17:16 | Queue | Villager (Male) |
| 17:16 | Queue | Villager (Male) |
| 18:17 | Build | Stable |
| 18:41 | Queue | Villager (Male) |
| 18:41 | Queue | Villager (Male) |
| 18:50 | Build | Blacksmith |
| 18:52 | Build | Palisade Wall |
| 19:18 | Build | Mill |
| 19:40 | Research | Castle Age |
| 19:40 | Research | Castle Age |
| 19:45 | Build | Mining Camp |
| 19:55 | Queue | Scout Cavalry |
| 19:55 | Queue | Scout Cavalry |
| 19:55 | Queue | Scout Cavalry |
| 19:58 | Queue | Scout Cavalry |
| 20:27 | Research | Forging |
| 20:27 | Research | Scale Barding Armor |
| 20:36 | Build | Stable |
| 20:48 | Research | Gold Mining |
| 20:53 | Queue | Villager (Male) |
| 20:54 | Queue | Villager (Male) |
| 20:54 | Queue | Villager (Male) |
| 21:21 | Queue | Scout Cavalry |
| 22:03 | Queue | Scout Cavalry |
| 22:20 | Age | Castle Age |
| 22:32 | Build | Town Center |
| 22:53 | Build | Town Center |
| 23:16 | Build | Mill |
| 23:23 | Queue | Villager (Male) |
| 23:29 | Research | Light Cavalry (upgrade) |
| 23:29 | Research | Husbandry |
| 24:24 | Research | Chain Barding Armor |
| 24:25 | Research | Iron Casting |
| 26:29 | Build | Farm |
| 26:29 | Build | Farm |
| 26:30 | Build | Farm |
| 26:30 | Build | Farm |
| 26:35 | Research | Horse Collar |
| 26:38 | Queue | Camel Scout |
| 26:38 | Queue | Camel Scout |
| 26:38 | Queue | Camel Scout |
| 26:39 | Queue | Camel Scout |
| 26:39 | Queue | Camel Scout |
| 26:40 | Queue | Camel Scout |
| 26:44 | Queue | Villager (Male) |
| 26:44 | Queue | Villager (Male) |
| 26:45 | Queue | Villager (Male) |
| 26:45 | Queue | Villager (Male) |
| 26:47 | Queue | Villager (Male) |
| 26:47 | Queue | Villager (Male) |
| 26:47 | Queue | Villager (Male) |
| 26:57 | Queue | Villager (Male) |
| 27:13 | Build | Farm |
| 27:13 | Build | Farm |
| 27:14 | Build | Farm |
| 27:17 | Build | Farm |
| 27:17 | Build | Farm |
| 27:18 | Build | Farm |
| 28:03 | Queue | Villager (Male) |
| 28:08 | Research | Heavy Plow |
| 28:11 | Research | Wheelbarrow |
| 28:12 | Queue | Villager (Male) |
| 28:13 | Queue | Villager (Male) |
| 28:16 | Queue | Villager (Male) |
| 28:16 | Queue | Villager (Male) |
| 28:22 | Build | Town Center |
| 28:29 | Queue | Villager (Male) |
| 28:31 | Queue | Villager (Male) |
Build order — Weak Foe Ahead
102 actions detected in the replay
| 0:38 | Build | Town Center |
| 2:58 | Queue | Villager (Male) |
| 2:58 | Queue | Villager (Male) |
| 2:58 | Queue | Villager (Male) |
| 2:58 | Queue | Villager (Male) |
| 2:59 | Queue | Villager (Male) |
| 3:18 | Build | House |
| 4:05 | Build | House |
| 4:18 | Queue | Villager (Male) |
| 4:56 | Queue | Villager (Male) |
| 4:56 | Queue | Villager (Male) |
| 5:11 | Queue | Villager (Male) |
| 5:42 | Research | Loom |
| 6:07 | Queue | Villager (Male) |
| 6:08 | Queue | Villager (Male) |
| 6:08 | Queue | Villager (Male) |
| 6:41 | Queue | Villager (Male) |
| 7:21 | Build | House |
| 7:30 | Queue | Villager (Male) |
| 8:06 | Queue | Villager (Male) |
| 8:34 | Queue | Villager (Male) |
| 8:43 | Build | Mill |
| 9:06 | Build | Mule Cart |
| 9:23 | Queue | Villager (Male) |
| 9:49 | Queue | Villager (Male) |
| 10:00 | Build | House |
| 10:22 | Queue | Villager (Male) |
| 10:42 | Queue | Villager (Male) |
| 11:08 | Queue | Villager (Male) |
| 11:31 | Research | Feudal Age |
| 11:35 | Build | Mule Cart |
| 12:16 | Build | Barracks |
| 12:19 | Build | Palisade Wall |
| 13:09 | Queue | Villager (Male) |
| 13:10 | Queue | Villager (Male) |
| 13:20 | Build | Palisade Wall |
| 13:20 | Build | Palisade Wall |
| 13:20 | Build | Palisade Wall |
| 13:36 | Build | House |
| 13:45 | Build | Palisade Wall |
| 13:46 | Build | Palisade Wall |
| 13:46 | Build | Palisade Wall |
| 13:47 | Age | Feudal Age |
| 13:56 | Build | Blacksmith |
| 13:58 | Build | Palisade Wall |
| 14:11 | Build | Market |
| 14:13 | Build | Palisade Wall |
| 14:20 | Queue | Villager (Male) |
| 14:33 | Build | Mill |
| 14:45 | Build | House |
| 14:47 | Build | Palisade Wall |
| 15:17 | Build | House |
| 15:23 | Build | Palisade Wall |
| 15:25 | Queue | Villager (Male) |
| 15:42 | Build | Stable |
| 16:40 | Queue | Scout Cavalry |
| 16:40 | Queue | Scout Cavalry |
| 16:40 | Queue | Scout Cavalry |
| 16:52 | Queue | Villager (Male) |
| 17:00 | Build | Farm |
| 17:01 | Build | Farm |
| 17:04 | Build | Farm |
| 17:07 | Build | Farm |
| 17:59 | Queue | Scout Cavalry |
| 18:09 | Research | Scale Barding Armor |
| 18:11 | Queue | Villager (Male) |
| 18:17 | Build | Farm |
| 18:27 | Build | Farm |
| 18:38 | Queue | Villager (Male) |
| 19:14 | Queue | Villager (Male) |
| 19:26 | Build | Farm |
| 19:47 | Research | Castle Age |
| 20:17 | Build | Archery Range |
| 21:00 | Build | Farm |
| 21:15 | Queue | Skirmisher |
| 21:22 | Research | Scale Barding Armor |
| 21:30 | Queue | Skirmisher |
| 21:39 | Queue | Villager (Male) |
| 22:01 | Queue | Skirmisher |
| 22:27 | Queue | Skirmisher |
| 22:27 | Age | Castle Age |
| 22:35 | Queue | Knight |
| 22:36 | Queue | Knight |
| 23:05 | Queue | Villager (Male) |
| 23:30 | Research | Fletching |
| 23:31 | Queue | Villager (Male) |
| 23:40 | Queue | Skirmisher |
| 23:45 | Build | Farm |
| 23:47 | Queue | Villager (Male) |
| 23:51 | Queue | Skirmisher |
| 23:58 | Build | Town Center |
| 24:07 | Queue | Skirmisher |
| 24:55 | Queue | Archer |
| 24:55 | Queue | Skirmisher |
| 24:57 | Queue | Skirmisher |
| 25:58 | Build | Siege Workshop |
| 26:16 | Research | Elite Skirmisher (upgrade) |
| 26:21 | Queue | Skirmisher |
| 26:31 | Queue | Mangonel |
| 26:38 | Build | Mule Cart |
| 27:34 | Queue | Villager (Male) |
| 27:34 | Queue | Villager (Male) |
Build order — Mr. C
143 actions detected in the replay
| 0:19 | Build | Town Center |
| 2:34 | Queue | Villager (Male) ×4 |
| 3:45 | Queue | Villager (Male) |
| 4:23 | Queue | Villager (Male) |
| 4:44 | Build | Lumber Camp |
| 4:48 | Queue | Villager (Male) |
| 4:52 | Queue | Villager (Male) |
| 5:55 | Queue | Villager (Male) |
| 5:55 | Queue | Villager (Male) |
| 5:56 | Queue | Villager (Male) |
| 6:10 | Queue | Villager (Male) |
| 7:02 | Build | Mill |
| 7:24 | Research | Loom |
| 7:37 | Queue | Villager (Male) |
| 7:38 | Queue | Villager (Male) |
| 7:40 | Queue | Villager (Male) |
| 8:12 | Queue | Villager (Male) |
| 8:37 | Queue | Villager (Male) |
| 8:43 | Queue | Villager (Male) |
| 8:59 | Queue | Villager (Male) |
| 9:25 | Queue | Villager (Male) |
| 9:25 | Queue | Villager (Male) |
| 9:43 | Queue | Villager (Male) |
| 9:44 | Queue | Villager (Male) |
| 10:06 | Queue | Villager (Male) |
| 10:32 | Research | Feudal Age |
| 10:51 | Build | Barracks |
| 10:57 | Queue | Villager (Male) |
| 11:47 | Build | Lumber Camp |
| 12:42 | Age | Feudal Age |
| 12:43 | Build | Archery Range |
| 12:45 | Build | Blacksmith |
| 12:48 | Research | Double-Bit Axe |
| 12:53 | Queue | Villager (Male) |
| 13:23 | Queue | Villager (Male) |
| 13:34 | Queue | Archer |
| 13:34 | Queue | Archer |
| 13:37 | Research | Fletching |
| 13:43 | Queue | Villager (Male) |
| 13:43 | Queue | Villager (Male) |
| 13:44 | Queue | Villager (Male) |
| 13:44 | Queue | Villager (Male) |
| 13:51 | Queue | Archer |
| 13:51 | Queue | Archer |
| 14:03 | Queue | Villager (Male) |
| 14:11 | Queue | Spearman |
| 14:13 | Queue | Archer |
| 14:26 | Queue | Villager (Male) |
| 14:27 | Queue | Villager (Male) |
| 14:40 | Queue | Villager (Male) |
| 14:40 | Queue | Villager (Male) |
| 14:40 | Queue | Villager (Male) |
| 14:46 | Research | Padded Archer Armor |
| 14:47 | Queue | Archer |
| 14:47 | Queue | Archer |
| 14:55 | Queue | Villager (Male) |
| 15:02 | Build | Palisade Wall |
| 15:05 | Queue | Villager (Male) |
| 15:22 | Queue | Archer |
| 15:22 | Queue | Archer |
| 15:57 | Queue | Archer |
| 15:57 | Queue | Archer |
| 16:19 | Queue | Archer |
| 16:23 | Queue | Villager (Male) |
| 16:23 | Queue | Villager (Male) |
| 16:43 | Queue | Archer |
| 16:43 | Queue | Archer |
| 16:54 | Queue | Villager (Male) |
| 16:55 | Queue | Villager (Male) |
| 17:09 | Build | Market |
| 17:17 | Queue | Spearman |
| 17:41 | Queue | Archer |
| 17:41 | Queue | Archer |
| 17:59 | Queue | Archer |
| 18:13 | Queue | Villager (Male) |
| 18:13 | Queue | Villager (Male) |
| 18:23 | Queue | Archer |
| 18:23 | Queue | Archer |
| 18:42 | Queue | Villager (Male) |
| 18:42 | Queue | Villager (Male) |
| 18:46 | Queue | Villager (Male) |
| 18:46 | Queue | Villager (Male) |
| 18:46 | Queue | Villager (Male) |
| 18:47 | Queue | Archer |
| 18:47 | Queue | Archer |
| 18:48 | Queue | Archer |
| 19:15 | Queue | Archer |
| 19:15 | Queue | Archer |
| 19:33 | Queue | Villager (Male) |
| 19:46 | Research | Castle Age |
| 19:49 | Queue | Archer |
| 20:03 | Queue | Archer |
| 20:28 | Build | Archery Range |
| 20:44 | Build | Stable |
| 20:48 | Queue | Archer |
| 20:48 | Queue | Archer |
| 20:48 | Queue | Archer |
| 20:56 | Queue | Archer |
| 20:57 | Queue | Archer |
| 20:57 | Queue | Archer |
| 21:16 | Queue | Archer |
| 21:16 | Queue | Archer |
| 21:22 | Queue | Villager (Male) |
| 21:28 | Queue | Archer |
| 21:31 | Research | Bloodlines |
| 21:48 | Build | Mining Camp |
| 22:28 | Queue | Villager (Male) |
| 22:28 | Queue | Villager (Male) |
| 22:28 | Queue | Villager (Male) |
| 22:33 | Age | Castle Age |
| 22:33 | Research | Crossbowman (upgrade) |
| 22:37 | Queue | Archer |
| 22:37 | Queue | Archer |
| 22:47 | Research | Bodkin Arrow |
| 22:54 | Build | University |
| 23:07 | Build | Siege Workshop |
| 23:51 | Queue | Archer |
| 23:51 | Queue | Archer |
| 23:52 | Queue | Archer |
| 23:54 | Queue | Battering Ram |
| 23:59 | Queue | Spearman |
| 23:59 | Queue | Spearman |
| 24:09 | Build | Mining Camp |
| 24:13 | Research | Gold Mining |
| 24:58 | Queue | Archer |
| 24:58 | Queue | Archer |
| 24:58 | Queue | Archer |
| 25:15 | Queue | Archer |
| 25:15 | Queue | Archer |
| 25:15 | Queue | Archer |
| 25:18 | Research | Leather Archer Armor |
| 25:49 | Queue | Battering Ram |
| 25:49 | Queue | Battering Ram |
| 26:18 | Queue | Battering Ram |
| 26:25 | Queue | Villager (Male) |
| 27:16 | Queue | Villager (Male) |
| 27:16 | Queue | Villager (Male) |
| 27:44 | Queue | Villager (Male) |
| 27:44 | Queue | Villager (Male) |
| 28:32 | Build | Mining Camp |
| 28:33 | Queue | Villager (Male) |
| 28:33 | Queue | Villager (Male) |
| 28:47 | Queue | Villager (Male) |
Build order — 我有低保我先上
134 actions detected in the replay
| 1:04 | Build | Town Center |
| 3:12 | Build | House |
| 3:35 | Queue | Villager (Male) |
| 3:36 | Queue | Villager (Male) |
| 3:36 | Queue | Villager (Male) |
| 3:36 | Queue | Villager (Male) |
| 3:36 | Queue | Villager (Male) |
| 3:49 | Build | House |
| 4:34 | Queue | Villager (Male) |
| 4:34 | Queue | Villager (Male) |
| 5:07 | Queue | Villager (Male) |
| 5:08 | Queue | Villager (Male) |
| 5:32 | Queue | Villager (Male) |
| 5:32 | Queue | Villager (Male) |
| 6:03 | Queue | Villager (Male) |
| 6:03 | Queue | Villager (Male) |
| 6:42 | Queue | Villager (Male) |
| 6:43 | Queue | Villager (Male) |
| 6:43 | Queue | Villager (Male) |
| 6:44 | Queue | Villager (Male) |
| 7:10 | Queue | Villager (Male) |
| 7:25 | Build | Lumber Camp |
| 7:28 | Queue | Villager (Male) |
| 8:11 | Queue | Villager (Male) |
| 8:11 | Queue | Villager (Male) |
| 8:11 | Queue | Villager (Male) |
| 8:11 | Queue | Villager (Male) |
| 8:12 | Queue | Villager (Male) |
| 8:30 | Queue | Villager (Male) |
| 8:30 | Queue | Villager (Male) |
| 8:37 | Build | House |
| 8:53 | Queue | Villager (Male) |
| 9:17 | Queue | Villager (Male) |
| 9:22 | Build | House |
| 9:31 | Queue | Villager (Male) |
| 11:35 | Queue | Villager (Male) |
| 11:47 | Build | Mining Camp |
| 12:35 | Build | Mill |
| 12:36 | Research | Feudal Age |
| 12:48 | Build | House |
| 13:22 | Queue | Villager (Male) |
| 13:22 | Queue | Villager (Male) |
| 13:47 | Build | House |
| 13:48 | Build | House |
| 14:11 | Build | Palisade Wall |
| 14:46 | Age | Feudal Age |
| 14:49 | Queue | Villager (Male) |
| 14:54 | Build | Blacksmith |
| 15:05 | Queue | Villager (Male) |
| 15:36 | Build | Market |
| 16:07 | Research | Double-Bit Axe |
| 16:15 | Research | Castle Age |
| 16:25 | Research | Horse Collar |
| 16:41 | Research | Gold Mining |
| 17:08 | Research | Loom |
| 17:10 | Queue | Villager (Male) |
| 17:11 | Queue | Villager (Male) |
| 17:57 | Build | Barracks |
| 18:26 | Build | Palisade Wall |
| 19:06 | Age | Castle Age |
| 19:13 | Build | Siege Workshop |
| 19:23 | Build | Town Center |
| 19:27 | Queue | Villager (Male) |
| 19:27 | Queue | Villager (Male) |
| 20:12 | Queue | Battering Ram |
| 20:27 | Queue | Villager (Male) |
| 20:50 | Queue | Battering Ram |
| 20:59 | Queue | Villager (Male) |
| 21:14 | Build | Palisade Wall |
| 21:26 | Queue | Villager (Male) |
| 21:29 | Queue | Villager (Male) |
| 21:29 | Queue | Villager (Male) |
| 21:29 | Queue | Villager (Male) |
| 21:29 | Queue | Villager (Male) |
| 21:30 | Queue | Villager (Male) |
| 21:30 | Queue | Villager (Male) |
| 21:36 | Build | House |
| 21:40 | Build | House |
| 21:42 | Build | House |
| 21:47 | Build | Palisade Gate |
| 21:51 | Queue | Battering Ram |
| 21:55 | Queue | Villager (Male) |
| 21:56 | Queue | Villager (Male) |
| 21:59 | Queue | Villager (Male) |
| 22:12 | Build | Farm |
| 22:18 | Build | Farm |
| 22:21 | Queue | Villager (Male) |
| 22:46 | Queue | Villager (Male) |
| 22:49 | Build | Farm |
| 22:50 | Build | Farm |
| 22:52 | Build | Farm |
| 22:53 | Build | Farm |
| 22:59 | Research | Stone Mining |
| 23:04 | Queue | Villager (Male) |
| 23:06 | Queue | Villager (Male) |
| 23:41 | Build | Stable |
| 23:42 | Build | Stable |
| 24:08 | Build | Stable |
| 24:21 | Research | Scale Barding Armor |
| 24:22 | Research | Scale Barding Armor |
| 24:23 | Research | Forging |
| 24:35 | Build | Farm |
| 24:37 | Queue | Villager (Male) |
| 24:39 | Queue | Villager (Male) |
| 24:51 | Build | House |
| 24:56 | Build | House |
| 25:03 | Queue | Knight |
| 25:03 | Queue | Knight |
| 25:03 | Queue | Knight |
| 25:03 | Queue | Knight |
| 25:13 | Build | House |
| 25:14 | Build | House |
| 25:17 | Build | House |
| 25:20 | Build | Palisade Wall |
| 25:26 | Build | House |
| 25:29 | Build | House |
| 25:43 | Build | Palisade Wall |
| 25:53 | Queue | Knight |
| 25:53 | Queue | Knight |
| 25:53 | Queue | Knight |
| 26:10 | Queue | Villager (Male) |
| 26:11 | Queue | Villager (Male) |
| 26:15 | Queue | Villager (Male) |
| 26:15 | Queue | Villager (Male) |
| 26:32 | Build | Lumber Camp |
| 26:37 | Build | Palisade Wall |
| 27:19 | Queue | Villager (Male) |
| 27:23 | Queue | Villager (Male) |
| 27:39 | Queue | Villager (Male) |
| 27:39 | Queue | Villager (Male) |
| 27:39 | Queue | Villager (Male) |
| 27:47 | Build | Town Center |
| 28:10 | Build | Town Center |
| 28:13 | Build | Farm |
Build order — Mr. Fay
84 actions detected in the replay
| 0:04 | Build | Town Center |
| 2:34 | Build | House |
| 2:36 | Queue | Villager (Male) |
| 2:36 | Queue | Villager (Male) |
| 2:36 | Queue | Villager (Male) |
| 2:37 | Queue | Villager (Male) |
| 2:41 | Build | House |
| 3:28 | Queue | Villager (Male) |
| 4:19 | Queue | Villager (Male) |
| 4:39 | Queue | Villager (Male) |
| 5:09 | Queue | Villager (Male) |
| 5:09 | Queue | Villager (Male) |
| 5:44 | Build | House |
| 6:01 | Queue | Villager (Male) |
| 6:04 | Research | Loom |
| 6:29 | Queue | Villager (Male) |
| 6:50 | Queue | Villager (Male) |
| 7:38 | Build | Lumber Camp |
| 7:45 | Queue | Villager (Male) |
| 8:16 | Queue | Villager (Male) |
| 8:59 | Build | Mill |
| 9:05 | Queue | Villager (Male) |
| 9:05 | Queue | Villager (Male) |
| 9:17 | Build | House |
| 9:43 | Research | Feudal Age |
| 10:00 | Build | Mining Camp |
| 12:05 | Age | Feudal Age |
| 12:08 | Build | Market |
| 12:12 | Queue | Villager (Male) |
| 12:12 | Queue | Villager (Male) |
| 12:16 | Research | Double-Bit Axe |
| 12:38 | Build | House |
| 12:53 | Build | Blacksmith |
| 12:59 | Queue | Villager (Male) |
| 13:34 | Queue | Villager (Male) |
| 14:12 | Build | Mining Camp |
| 14:51 | Research | Castle Age |
| 15:03 | Build | Lumber Camp |
| 15:44 | Build | House |
| 15:46 | Build | House |
| 17:31 | Age | Castle Age |
| 17:40 | Build | Castle |
| 17:46 | Queue | Villager (Male) |
| 17:46 | Queue | Villager (Male) |
| 18:24 | Build | Town Center |
| 19:26 | Build | Farm |
| 19:28 | Build | Farm |
| 19:31 | Build | Farm |
| 19:34 | Build | Farm |
| 19:42 | Queue | Villager (Male) |
| 19:42 | Queue | Villager (Male) |
| 20:01 | Research | Fletching |
| 20:24 | Build | Farm |
| 20:27 | Queue | Villager (Male) |
| 20:46 | Build | Siege Workshop |
| 21:17 | Queue | Villager (Male) |
| 21:22 | Build | Farm |
| 21:33 | Queue | Battering Ram |
| 22:00 | Queue | Battering Ram |
| 22:03 | Queue | Villager (Male) |
| 22:17 | Queue | Mameluke |
| 22:30 | Queue | Villager (Male) |
| 22:51 | Queue | Battering Ram |
| 22:59 | Queue | Villager (Male) |
| 23:03 | Build | Farm |
| 23:19 | Queue | Villager (Male) |
| 23:27 | Build | Farm |
| 23:42 | Build | Farm |
| 23:54 | Queue | Mameluke |
| 24:32 | Queue | Mameluke |
| 25:09 | Queue | Mameluke |
| 25:10 | Queue | Mameluke |
| 25:18 | Queue | Mangonel |
| 25:19 | Queue | Villager (Male) |
| 25:46 | Queue | Mameluke |
| 25:53 | Queue | Villager (Male) |
| 26:59 | Queue | Villager (Male) |
| 26:59 | Queue | Villager (Male) |
| 26:59 | Queue | Villager (Male) |
| 27:21 | Queue | Mameluke |
| 27:50 | Build | Castle |
| 28:08 | Build | Castle |
| 28:21 | Queue | Mameluke |
| 28:21 | Queue | Mameluke |
Build order — HoraceTBear
131 actions detected in the replay
| 0:24 | Build | Town Center |
| 1:24 | Build | Palisade Wall |
| 1:44 | Build | Palisade Wall |
| 1:44 | Build | Palisade Wall |
| 1:53 | Build | House |
| 1:58 | Build | Palisade Wall |
| 2:34 | Build | House |
| 2:41 | Queue | Villager (Male) |
| 2:42 | Queue | Villager (Male) |
| 2:42 | Queue | Villager (Male) |
| 2:42 | Queue | Villager (Male) |
| 2:42 | Queue | Villager (Male) |
| 2:42 | Queue | Villager (Male) |
| 3:08 | Build | House |
| 3:51 | Queue | Villager (Male) |
| 3:52 | Queue | Villager (Male) |
| 4:08 | Queue | Villager (Male) |
| 4:09 | Queue | Villager (Male) |
| 4:12 | Build | Settlement |
| 4:29 | Queue | Villager (Male) |
| 4:29 | Queue | Villager (Male) |
| 5:01 | Queue | Villager (Male) |
| 5:01 | Queue | Villager (Male) |
| 5:20 | Queue | Villager (Male) |
| 5:21 | Queue | Villager (Male) |
| 5:45 | Queue | Villager (Male) |
| 5:45 | Queue | Villager (Male) |
| 6:23 | Queue | Villager (Male) |
| 6:24 | Queue | Villager (Male) |
| 6:51 | Build | Settlement |
| 6:53 | Queue | Villager (Male) |
| 6:54 | Queue | Villager (Male) |
| 6:59 | Queue | Villager (Male) |
| 7:00 | Queue | Villager (Male) |
| 7:10 | Queue | Villager (Male) |
| 7:10 | Queue | Villager (Male) |
| 7:28 | Queue | Villager (Male) |
| 7:28 | Queue | Villager (Male) |
| 7:28 | Queue | Villager (Male) |
| 7:54 | Queue | Villager (Male) |
| 7:54 | Queue | Villager (Male) |
| 7:54 | Queue | Villager (Male) |
| 8:20 | Queue | Villager (Male) |
| 8:48 | Queue | Villager (Male) |
| 8:48 | Queue | Villager (Male) |
| 8:55 | Build | Outpost |
| 9:35 | Queue | Villager (Male) |
| 9:42 | Build | Settlement |
| 9:48 | Queue | Villager (Male) |
| 9:52 | Research | Loom |
| 9:52 | Research | Loom |
| 10:18 | Queue | Villager (Male) |
| 10:44 | Research | Feudal Age |
| 10:44 | Research | Feudal Age |
| 12:38 | Queue | Villager (Male) |
| 12:55 | Age | Feudal Age |
| 12:58 | Build | Market |
| 13:03 | Build | Blacksmith |
| 13:06 | Build | House |
| 13:15 | Build | Palisade Wall |
| 13:20 | Queue | Villager (Male) |
| 13:49 | Queue | Villager (Male) |
| 14:30 | Build | Settlement |
| 15:15 | Research | Castle Age |
| 15:15 | Research | Castle Age |
| 15:15 | Research | Castle Age |
| 15:56 | Research | Double-Bit Axe |
| 17:41 | Queue | Villager (Male) |
| 17:55 | Age | Castle Age |
| 17:57 | Build | Castle |
| 18:02 | Queue | Villager (Male) |
| 18:02 | Queue | Villager (Male) |
| 18:02 | Queue | Villager (Male) |
| 18:37 | Build | Town Center |
| 18:45 | Queue | Villager (Male) |
| 19:10 | Research | Wheelbarrow |
| 20:10 | Build | Siege Workshop |
| 20:17 | Queue | Villager (Male) |
| 20:26 | Queue | Spearman |
| 20:26 | Queue | Spearman |
| 20:27 | Queue | Spearman |
| 20:27 | Queue | Spearman |
| 20:45 | Build | Farm |
| 20:45 | Build | Farm |
| 20:45 | Build | Farm |
| 20:46 | Build | Farm |
| 20:46 | Build | Farm |
| 20:46 | Build | Farm |
| 21:03 | Build | Settlement |
| 21:15 | Queue | Villager (Male) |
| 21:24 | Queue | Spearman |
| 21:26 | Queue | Spearman |
| 21:33 | Queue | Villager (Male) |
| 21:58 | Queue | Villager (Male) |
| 22:09 | Queue | Villager (Male) |
| 22:14 | Queue | Battering Ram |
| 22:14 | Queue | Battering Ram |
| 22:23 | Build | Farm |
| 22:23 | Build | Farm |
| 22:23 | Build | Farm |
| 22:23 | Build | Farm |
| 22:46 | Queue | Villager (Male) |
| 22:48 | Queue | Battering Ram |
| 23:24 | Queue | Villager (Male) |
| 23:54 | Queue | Villager (Male) |
| 24:00 | Queue | Kona |
| 24:00 | Queue | Kona |
| 24:29 | Queue | Petard |
| 25:12 | Queue | Petard |
| 25:14 | Queue | Villager (Male) |
| 25:37 | Queue | Kona |
| 25:43 | Build | Farm |
| 25:43 | Build | Farm |
| 25:43 | Build | Farm |
| 25:43 | Build | Farm |
| 25:48 | Queue | Villager (Male) |
| 25:49 | Queue | Battering Ram |
| 25:55 | Build | Barracks |
| 26:09 | Queue | Villager (Male) |
| 26:36 | Queue | Villager (Male) |
| 27:11 | Queue | Villager (Male) |
| 27:42 | Queue | Villager (Male) |
| 27:57 | Queue | Spearman |
| 27:57 | Queue | Spearman |
| 28:03 | Research | Fletching |
| 28:10 | Research | Elite Skirmisher (upgrade) |
| 28:11 | Queue | Spearman |
| 28:11 | Queue | Spearman |
| 28:13 | Queue | Skirmisher |
| 28:14 | Queue | Skirmisher |
| 28:17 | Queue | Villager (Male) |
Match timeline
| 1:24 | HoraceTBear · wall_segment Palisade Wall x1 |
| 1:44 | HoraceTBear · wall_segment Palisade Wall x1 |
| 1:44 | HoraceTBear · wall_segment Palisade Wall x1 |
| 1:58 | HoraceTBear · wall_segment Palisade Wall x1 |
| 10:51 | Mr. C · first_building Barracks |
| 11:26 | Mr. Keibron · first_building Barracks |
| 12:05 | Mr. Fay · age_up feudal |
| 12:16 | Weak Foe Ahead · first_building Barracks |
| 12:19 | Weak Foe Ahead · wall_segment Palisade Wall x1 |
| 12:31 | Mr. Keibron · wall_segment Palisade Wall x1 |
| 12:42 | Mr. C · age_up feudal |
| 12:42 | Mr. Keibron · wall_segment Palisade Wall x6 |
| 12:43 | Mr. C · first_building Archery Range |
| 12:46 | Mr. Keibron · wall_segment Palisade Wall x4 |
| 12:49 | Mr. Fay · first_market_buy 100 wood |
| 12:55 | HoraceTBear · age_up feudal |
| 13:15 | HoraceTBear · wall_segment Palisade Wall x1 |
| 13:17 | Mr. Fay · first_market_sell 100 stone |
| 13:20 | Weak Foe Ahead · wall_segment Palisade Wall x1 |
| 13:20 | Weak Foe Ahead · wall_segment Palisade Wall x1 |
| 13:20 | Weak Foe Ahead · wall_segment Palisade Wall x1 |
| 13:45 | Weak Foe Ahead · wall_segment Palisade Wall x1 |
| 13:46 | Weak Foe Ahead · wall_segment Palisade Wall x1 |
| 13:46 | Weak Foe Ahead · wall_segment Palisade Wall x1 |
| 13:47 | Weak Foe Ahead · age_up feudal |
| 13:58 | Weak Foe Ahead · wall_segment Palisade Wall x1 |
| 14:11 | 我有低保我先上 · wall_segment Palisade Wall x5 |
| 14:13 | Weak Foe Ahead · wall_segment Palisade Wall x1 |
| 14:17 | Mr. Keibron · age_up feudal |
| 14:46 | 我有低保我先上 · age_up feudal |
| 14:47 | Weak Foe Ahead · wall_segment Palisade Wall x1 |
| 15:02 | Mr. C · wall_segment Palisade Wall x20 |
| 15:16 | Mr. Keibron · wall_segment Palisade Wall x2 |
| 15:23 | Weak Foe Ahead · wall_segment Palisade Wall x4 |
| 15:42 | Weak Foe Ahead · first_building Stable |
| 17:31 | Mr. Fay · age_up castle |
| 17:40 | Mr. Fay · first_building Castle |
| 17:55 | HoraceTBear · age_up castle |
| 17:57 | 我有低保我先上 · first_building Barracks |
| 17:57 | HoraceTBear · first_building Castle |
| 18:11 | Mr. C · first_market_sell 500 wood |
| 18:17 | Mr. Keibron · first_building Stable |
| 18:26 | 我有低保我先上 · wall_segment Palisade Wall x5 |
| 18:52 | Mr. Keibron · wall_segment Palisade Wall x4 |
| 19:06 | 我有低保我先上 · age_up castle |
| 19:13 | 我有低保我先上 · first_building Siege Workshop |
| 19:18 | 我有低保我先上 · first_market_buy 100 wood |
| 19:32 | Weak Foe Ahead · first_market_buy 100 food |
| 19:33 | Weak Foe Ahead · first_market_sell 100 wood |
| 19:39 | Mr. C · first_market_buy 100 food |
| 20:10 | HoraceTBear · first_building Siege Workshop |
| 20:17 | Weak Foe Ahead · first_building Archery Range |
| 20:44 | Mr. C · first_building Stable |
| 20:46 | Mr. Fay · first_building Siege Workshop |
| 21:14 | 我有低保我先上 · wall_segment Palisade Wall x4 |
| 22:20 | Mr. Keibron · age_up castle |
| 22:27 | Weak Foe Ahead · age_up castle |
| 22:33 | Mr. C · age_up castle |
| 23:07 | Mr. C · first_building Siege Workshop |
| 23:41 | 我有低保我先上 · first_building Stable |
| 25:20 | 我有低保我先上 · wall_segment Palisade Wall x1 |
| 25:43 | 我有低保我先上 · wall_segment Palisade Wall x1 |
| 25:55 | HoraceTBear · first_building Barracks |
| 25:58 | Weak Foe Ahead · first_building Siege Workshop |
| 26:37 | 我有低保我先上 · wall_segment Palisade Wall x1 |
| 27:31 | HoraceTBear · first_market_sell 100 wood |
| 27:31 | HoraceTBear · first_market_buy 100 stone |
| 28:36 | HoraceTBear · resign |
[ AI ANALYSIS · 1 CREDIT ]
What really happened in this match?
Wolo.gg analyzes every decision: build order, eco, micro, common mistakes by bracket. Personalized analysis on WhatsApp or Discord in 30 seconds.
Civ guide
Byzantines
Perfil
Jugador #2701657